 Dungeon Crawl Stone Soup version 0.17-a0-1647-gb11a595 (webtiles) character file.

44 Malak the Caller (level 3, -5/19 HPs)
             Began as a Deep Elf Summoner on Aug 12, 2015.
             Slain by Natasha (8 damage)
             ... on level 2 of the Dungeon.
             The game lasted 00:07:26 (1014 turns).

Malak the Caller (Deep Elf Summoner)                Turns: 1014, Time: 00:07:26

Health: -5/19      AC:  3    Str:  5    XL:     3   Next: 41%
Magic:  9/10       EV: 13    Int: 20    God:
Gold:   69         SH:  0    Dex: 15    Spells: 3 memorised, 4 levels left

rFire  . . .     SeeInvis .     g - +0 dagger
rCold  . . .     Clarity  .     a - +0 robe
rNeg   . . .     SustAt   .     (no shield)
rPois  .         Gourm    .     (no helmet)
rElec  .         Spirit   .     m - +0 cloak
rCorr  .         Warding  .     (no gloves)
rMut   .         Stasis   .     (no boots)
MR     .....                    d - amulet of faith
Stlth  ++........               (no ring)
                                (no ring)

@: slowed, very slow, not resistant to hostile enchantments, unstealthy
A: no striking features
a: no special abilities


You were on level 2 of the Dungeon.
You were not hungry.

You visited 1 branch of the dungeon, and saw 2 of its levels.

You collected 69 gold pieces.

Inventory:

Hand weapons
 g - a +0 dagger (weapon)
Armour
 a - a +0 robe (worn)
 m - a +0 cloak (worn)
Jewellery
 d - an amulet of faith (around neck)
Scrolls
 e - a scroll of remove curse {unknown}
 j - 4 scrolls of identify {unknown}
 k - a scroll of enchant weapon {unknown}
 l - a scroll of random uselessness {unknown}
 n - a scroll of immolation {unknown}
 u - a scroll of noise {unknown}
Potions
 i - 2 potions of heal wounds {unknown}
 p - a potion of brilliance {unknown}
 q - a potion of degeneration {unknown}
 r - a potion of magic {unknown}
 t - a potion of haste {unknown}
Books
 b - a book of Callings

   Spells                             Type                      Level
   a - Summon Small Mammal            Summoning                    1
   b - Call Imp                       Summoning                    2
   c - Call Canine Familiar           Summoning                    3
   d - Summon Guardian Golem          Hexes/Summoning              3
   e - Summon Lightning Spire         Summoning/Air                4
   f - Summon Ice Beast               Ice/Summoning                4
Comestibles
 c - a bread ration
 f - a chunk of flesh
 h - a meat ration
 o - a royal jelly
 s - 4 fruits


   Skills:
 + Level 0.2 Short Blades
 + Level 2.5 Dodging
 + Level 2.5 Stealth
 + Level 4.1 Spellcasting
 + Level 5.1 Summonings


You had 4 spell levels left.
You knew the following spells:

 Your Spells              Type           Power        Failure   Level  Hunger
a - Summon Small Mammal   Summ           ###.         1%          1    None
b - Call Imp              Summ           ###.....     2%          2    #......
c - Call Canine Familiar  Summ           ###.....     6%          3    ###....


Dungeon Overview and Level Annotations

Branches:
Dungeon (2/15)

Altars:

Annotations:
D:2 Natasha


Message History

The crimson imp completely misses your hound.
You barely miss Natasha.
Natasha is almost dead.
Natasha stares at you and mumbles some strange words.
The magic dart hits you!
* * * LOW HITPOINT WARNING * * *
Your hound barely misses Natasha.
The crimson imp barely misses your hound.
Natasha drinks a potion.
Natasha is healed!
Your hound bites Natasha.
The iron imp hits your hound!
Your hound dies!
Your hound's corpse disappears in a puff of smoke!
The crimson imp barely misses you.
Natasha hisses angrily.
You hit the crimson imp but do no damage.
Natasha stares at you and mumbles some strange words.
You feel yourself slow down.
The crimson imp blinks!
The iron imp barely misses your crimson imp.
Natasha claws you!
You die...

#.# ##+## #.# #.#
#.# #.# #.# ##.##
##.## ##...##
##..ยง## #...5.##
#.....# #.5...#
#.....#########h5#
#.............@.##
##...############
#####


You could see an iron imp, Natasha, a crimson imp and a friendly crimson imp.

Vanquished Creatures
  A giant gecko (D:1)
  A bat (D:1)
  A goblin (D:2)
  A kobold (D:1)
  A butterfly (D:2)
5 creatures vanquished.

Vanquished Creatures (collateral kills)
  Jessica (D:2)
  Terence (D:2)
  2 oozes
  A giant cockroach (D:1)
  A hobgoblin (D:2)
  2 bats (D:1)
  2 giant newts
  4 goblins
  2 kobolds
  A rat (D:2)
17 creatures vanquished.

Grand Total: 22 creatures vanquished

Notes
Turn   | Place    | Note
--------------------------------------------------------------
     0 | D:1      | Malak the Deep Elf Summoner began the quest for the Orb.
     0 | D:1      | Reached XP level 1. HP: 10/10 MP: 6/6
   237 | D:1      | Reached XP level 2. HP: 15/15 MP: 6/8
   260 | D:1      | Learned a level 2 spell: Call Imp
   510 | D:1      | Reached skill level 5 in Summonings
   674 | D:2      | Noticed Jessica
   693 | D:2      | Killed Jessica
   841 | D:2      | Noticed Terence
   851 | D:2      | Reached XP level 3. HP: 17/19 MP: 6/10
   887 | D:2      | Killed Terence
   907 | D:2      | Learned a level 3 spell: Call Canine Familiar
   996 | D:2      | Noticed Natasha
  1014 | D:2      | Slain by Natasha

Vault maps used:
D:1:      dpeg_arrival_long_road
D:2:      xom_butterflies, uniq_natasha, uniq_jessica, uniq_terence

Action                   || total
-------------------------++-------
Melee: Dagger            ||    13
 Cast: Summon Small Mamm ||    14
       Call Imp          ||    15
       Call Canine Famil ||     1
 Stab: Sleeping          ||     2
  Eat: Chunk             ||     1
